 Dungeon Crawl Stone Soup version 0.29.0-4-gdea44cf6ec (webtiles) character file.

Game seed: 12385851519651897792

55330 qw the Severer (level 14, -12/123 (135) HPs)
             Began as a Minotaur Fighter on Sept 8, 2022.
             Was a High Priest of Ru.
             Mangled by a skeletal warrior
             ... wielding a +0 glaive
              (20 damage)
             ... on level 13 of the Dungeon.
             The game lasted 00:07:55 (23758 turns).

qw the Severer (Minotaur Fighter)                  Turns: 23758, Time: 00:07:56

HP:   -12/123 (135) AC: 18    Str: 25    XL:     14   Next: 37%
MP:   0/13          EV:  7    Int:  5    God:    Ru [*****.]
Gold: 988           SH:  6    Dex: 11    Spells: 13/13 levels left

rFire   . . .      SeeInvis +   q - +3 war axe (freeze)
rCold   . . .      Faith    .   c - +0 buckler
rNeg    . . .      Spirit   +   f - +1 plate armour
rPois   +          Reflect  .   (helmet restricted)
rElec   .          Harm     .   b - +2 cloak
rCorr   .          Rampage  .   (no gloves)
Will    ++...                   (no boots)
Stlth   ..........              o - amulet of guardian spirit
HPRegen 0.30/turn               h - ring of poison resistance
MPRegen 0.13/turn               p - ring of see invisible

@: exhausted, corroded, drained
A: horns 2, hated by all, inability to train dodging, unskilled 1, missing an
eye, retaliatory headbutt, iridescent scales 1, strong-willed 1
a: Renounce Religion, Draw Out Power, Power Leap, Apocalypse


You were on level 13 of the Dungeon.
You worshipped Ru.
Ru was extremely pleased with you.
You visited 3 branches of the dungeon, and saw 19 of its levels.

You collected 1126 gold pieces.
You spent 138 gold pieces at shops.


Innate Abilities, Weirdness & Mutations

You have a pair of horns on your head.
You are hated by all.
You cannot train Dodging skill.
You are somewhat unskilled. (-1 Apt)
You are missing an eye, making it more difficult to aim.
You reflexively headbutt those who attack you in melee.
You are partially covered in iridescent scales. (AC +2)
You are strong-willed. (Will+)


   Skills:
 - Level 15.0 Fighting
 - Level 17.0 Axes
 - Level 6.0 Throwing
 + Level 12.7 Armour
 - Level 9.0 Shields


You had 13 spell levels left.
You didn't know any spells.
Your spell library was empty.

Inventory:

Hand Weapons
 l - a +4 morningstar
 q - a +3 war axe of freezing (weapon)
Missiles
 a - 2 javelins
 k - a boomerang (quivered)
Armour
 b - a +2 cloak (worn)
 c - a +0 buckler (worn)
 f - a +1 plate armour (worn)
Jewellery
 h - a ring of poison resistance (left hand)
 o - an amulet of guardian spirit (around neck)
 p - a ring of see invisible (right hand)
 s - a +4 ring of protection
 Y - a +4 ring of evasion
Scrolls
 r - 8 scrolls of identify
Potions
 d - 2 potions of might
 e - 2 potions of resistance
 i - 10 potions of curing
 j - 4 potions of mutation

Dungeon Overview and Level Annotations

Branches:
Dungeon (13/15)            Temple (1/1) D:5            Lair (5/5) D:11
 Shoals (0/4) Lair:2       Spider (0/4) Lair:2        Slime (0/5) Lair:4
    Orc (0/2) D:9          Vaults (0/5) D:13

Altars:
Ashenzari
Cheibriados
Dithmenos
Elyvilon
Gozag
Kikubaaqudgha
Makhleb
Nemelex Xobeh
Okawaru
Qazlal
Ru
Sif Muna
Trog
Uskayaw
Vehumet
Wu Jian
Xom
Zin
The Shining One

Shops:
D:8 ?

Annotations:
D:3 2 runed translucent doors, qw's ghost, amateur BaCK
D:4 3 runed translucent doors, qw's ghost, amateur BaCK
D:7 1 runed translucent door, Crazy Yiuf


Message History

The centaur warrior shoots an arrow.
The arrow hits you but does no damage.
The centaur warrior is stunned by your conviction and fails to attack.
You barely miss the skeletal warrior.
The skeletal warrior is moderately damaged.
You slash the elephant! You freeze the elephant.
You barely miss the centaur warrior.
The centaur warrior shoots an arrow.
The arrow hits you.
The centaur warrior unwields a +0 shortbow.
The centaur warrior hits you but does no damage.
The centaur warrior kicks you but does no damage.
You block the skeletal warrior's attack.
You hit the skeletal warrior but do no damage.
Your headbutt misses the skeletal warrior.
The skeletal warrior is moderately damaged.
You closely miss the centaur warrior. You hit the elephant but do no damage.
The skeletal warrior is no longer blind.
You redirect the centaur warrior's attack!
The centaur warrior hits itself!
The centaur warrior kicks itself but does no damage.
The elephant tramples you but does no damage.
The elephant trunk-slaps you but does no damage.
You completely miss the skeletal warrior.
Your headbutt misses the skeletal warrior.
The skeletal warrior is moderately damaged.
You slash the centaur warrior! You freeze the centaur warrior.
You hit the elephant. You freeze the elephant.
The centaur warrior shoots an arrow.
The arrow hits you!
The centaur warrior hits you but does no damage.
The centaur warrior kicks you but does no damage.
The elephant tramples you!
You hold your ground!
The elephant trunk-slaps you but does no damage.
The centaur warrior shoots an arrow.
The arrow hits you.
You hit the centaur warrior. You freeze the centaur warrior.
The centaur warrior is heavily wounded.
You hit the elephant but do no damage. You slash the skeletal warrior!
You freeze the skeletal warrior.
The centaur warrior hits you but does no damage.
You block the centaur warrior's attack.
The skeletal warrior hits you with a +0 glaive!!
You die...

##..~~~~~~~...
##### #..
#..~~~~~~~~..#
....# ...
#...~.~~~~.~..
.#..# .
...#....~%~~~....
#.#.# ..
#.#.....S~~~~~.~
##..#
...#........~~~~~~.
..#.#
...........~..~~~~~
######..
#.c..Y<..~~.~~~~
.......>
#..)@)......~~~~
........
#....zc...##(.~~~~
######..
...#......## #..~.~
..#.# # #.......#
#..~~ ##..#
....)....# ....
#.#.# ..........#
.. .#..#
#####..)..## ...\#
##..... #####


You could see an elephant shaped shifter, a skeletal warrior (slow), 2 centaur
warriors and an electric eel.

Vanquished Creatures
  Fannar (Lair:2)
  A centaur warrior (D:13)
  5 hydras
  4 catoblepae
  2 two-headed ogres (D:8)
  Erica (Lair:2)
  A death knight (D:13)
  7 death yaks
  Urug (Lair:4)
  4 skeletal warriors
  Pikel (D:8)
  A lindwurm (Lair:3)
  A deep elf pyromancer (D:7)
  2 ugly things (D:11)
  4 oklob plants (Lair:4)
  2 manticores (Lair:5)
  A cyclops (D:13)
  Maurice (D:8)
  4 black mambas
  Joseph (D:8)
  4 centaur skeletons (D:13)
  3 cane toads (Lair:1)
  5 rime drakes
  An unseen horror (D:12)
  A torpor snail (Lair:1)
  2 freezing wraiths (D:12)
  4 yaktaurs (D:13)
  Psyche (D:8)
  A kobold demonologist (D:13)
  6 komodo dragons
  3 trolls
  A polar bear (Lair:2)
  7 slime creatures (D:12)
  7 dream sheep (Lair:5)
  16 blink frogs
  A culicivora (Lair:2)
  Eustachio (D:5)
  42 yaks
  3 wyverns
  4 wraiths
  2 basilisks
  4 acid dragons
  16 water moccasins
  6 orc warriors
  A sky beast (D:6)
  2 black bears
  2 ogres (D:6)
  27 wolves
  4 lemures (D:8)
  11 centaurs
  8 kobold brigands
  11 bullfrogs
  4 scorpions
  8 wights
  6 killer bees
  2 howler monkeys
  3 electric eels
  3 vampire bats (D:10)
  7 jellies
  5 orc priests
  8 hounds
  A gnoll bouda (D:9)
  13 orc wizards
  3 iguanas
  3 gnolls (D:9)
  5 adders
  3 white imps
  An ufetubus (D:4)
  2 worms
  A dart slug (D:2)
  25 orcs
  5 ball pythons
  8 bats
  13 endoplasms
  9 giant cockroaches
  4 goblins
  4 hobgoblins
  26 kobolds
  4 quokkas
  3 frilled lizards
  7 rats
438 creatures vanquished.

Vanquished Creatures (others)
  A hydra (Lair:4)
  2 skeletal warriors (D:12)
  An orc knight (D:13)
  A komodo dragon (Lair:2)
  A wolf (Lair:4)
  A kobold brigand (D:13)
  An electric eel (D:13)
  23 fungi
  44 plants
  9 toadstools (D:4)
84 creatures vanquished.

Grand Total: 522 creatures vanquished

Notes
Turn   | Place    | Note
-------+----------+-------------------------------------------
     0 | D:1      | qw the Minotaur Fighter began the quest for the Orb.
     0 | D:1      | Reached XP level 1. HP: 19/19 MP: 0/0
     0 | D:1      | 0 ||| qw: Version: 0.1-a-112-g44dc6cd
     0 | D:1      | 0 ||| qw: Game counter: 6821
     0 | D:1      | 0 ||| qw: Always use a shield: true
     0 | D:1      | 0 ||| qw: God list: Ru
     0 | D:1      | 0 ||| qw: Allow faded altars: false
     0 | D:1      | 0 ||| qw: Do Orc after D:15 true
     0 | D:1      | 0 ||| qw: Do second Lair branch before Depths: true
     0 | D:1      | 0 ||| qw: Lair rune preference: random
     0 | D:1      | 0 ||| qw: Plans: Normal
     0 | D:1      | 0 ||| PLANNING D:1-11
    44 | D:1      | Reached skill level 3 in Axes
   142 | D:1      | Reached XP level 2. HP: 26/26 MP: 1/1
   168 | D:1      | 168 ||| Stepping ~*~*~tactically~*~*~ (stealth).
   170 | D:1      | 170 ||| Stepping ~*~*~tactically~*~*~ (stealth).
   171 | D:1      | 171 ||| Stepping ~*~*~tactically~*~*~ (stealth).
   172 | D:1      | 172 ||| Stepping ~*~*~tactically~*~*~ (stealth).
   177 | D:1      | 177 ||| Stepping ~*~*~tactically~*~*~ (stealth).
   178 | D:1      | 178 ||| Stepping ~*~*~tactically~*~*~ (stealth).
   191 | D:1      | 191 ||| Stepping ~*~*~tactically~*~*~ (stealth).
   196 | D:1      | 196 ||| Stepping ~*~*~tactically~*~*~ (stealth).
   307 | D:1      | Reached skill level 4 in Axes
   493 | D:1      | 493 ||| DROPPING +0 club.
   778 | D:1      | 778 ||| UPGRADING to +6 ring of dexterity.
   779 | D:1      | 779 ||| READING scroll labelled GIBEOT WYOSCHI.
   780 | D:1      | 780 ||| READING scroll labelled CUB DECEXAHET.
   781 | D:1      | 781 ||| DRINKING 2 bubbling inky potions.
   821 | D:1      | 821 ||| DROPPING potion of lignification.
  1019 | D:2      | Reached XP level 3. HP: 31/31 MP: 2/2
  1046 | D:2      | Reached skill level 1 in Dodging
  1154 | D:2      | Reached skill level 5 in Axes
  1154 | D:2      | Reached XP level 4. HP: 26/39 MP: 3/3
  1385 | D:2      | 1385 ||| DROPPING +0 whip.
  1593 | D:2      | 1593 ||| READING scroll labelled OTAV MUACIOSS.
  1594 | D:2      | 1594 ||| READING scroll labelled YTZOEG JIWIU.
  1595 | D:2      | 1595 ||| READING scroll labelled ONKA CONIULIM.
  1871 | D:3      | Reached skill level 6 in Axes
  1962 | D:3      | Found a faded altar of an unknown god.
  2022 | D:3      | Found a large runed translucent door.
  2022 | D:3      | Found a large runed translucent door.
  2023 | D:3      | Noticed qw's ghost (amateur BaCK)
  2136 | D:3      | 2136 ||| UPGRADING to ring of willpower.
  2137 | D:3      | 2137 ||| READING 3 scrolls labelled POAREDGHUTOI.
  2186 | D:3      | 2186 ||| READING scroll labelled RAMA CEMON.
  2187 | D:3      | 2187 ||| DRINKING 3 fizzy clear potions.
  2188 | D:3      | 2188 ||| DRINKING 2 fizzy dark potions.
  2189 | D:3      | 2189 ||| DROPPING 2 potions of flight.
  2276 | D:4      | Noticed a kobold brigand
  2282 | D:4      | Reached XP level 5. HP: 39/45 MP: 4/4
  2285 | D:4      | Reached skill level 7 in Axes
  2285 | D:4      | 2285 ||| FLEEEEING.
  2286 | D:4      | 2286 ||| FLEEEEING.
  2287 | D:4      | 2287 ||| FLEEEEING.
  2288 | D:4      | 2288 ||| FLEEEEING.
  2289 | D:4      | 2289 ||| FLEEEEING.
  2291 | D:4      | 2291 ||| FLEEEEING.
  2294 | D:4      | 2294 ||| FLEEEEING.
  2296 | D:4      | 2296 ||| FLEEEEING.
  2329 | D:4      | 2329 ||| Stepping ~*~*~tactically~*~*~ (stealth).
  2330 | D:4      | 2330 ||| Stepping ~*~*~tactically~*~*~ (stealth).
  2365 | D:4      | Found a runed translucent gate.
  2366 | D:4      | Found a runed translucent gate.
  2368 | D:4      | Found a runed translucent gate.
  2374 | D:4      | Found a hazy altar of Hepliaklqana.
  2549 | D:4      | Noticed a wyvern
  2555 | D:4      | Noticed qw's ghost (amateur BaCK)
  2560 | D:4      | Noticed a black bear
  2562 | D:4      | Reached XP level 6. HP: 46/52 MP: 5/5
  2562 | D:4      | 2562 ||| FLEEEEING.
  2563 | D:4      | 2563 ||| FLEEEEING.
  2564 | D:4      | 2564 ||| FLEEEEING.
  2667 | D:4      | Reached skill level 8 in Axes
  2695 | D:4      | 2695 ||| Stepping ~*~*~tactically~*~*~ (stealth).
  2697 | D:4      | 2697 ||| Stepping ~*~*~tactically~*~*~ (hiding).
  2724 | D:4      | 2724 ||| DROPPING +0 whip of venom.
  2731 | D:4      | Found an ancient bone altar of Kikubaaqudgha.
  2824 | D:4      | Reached XP level 7. HP: 54/59 MP: 6/6
  2957 | D:4      | Reached skill level 9 in Axes
  3070 | D:4      | 3070 ||| READING scroll of enchant weapon.
  3070 | D:4      | 3070 ||| ENCHANTING +1 war axe.
  3380 | D:4      | 3380 ||| READING scroll labelled HUROLE OX MUTA.
  3381 | D:4      | 3381 ||| READING scroll labelled TOBRUE NUEPSEUL.
  3523 | D:4      | 3523 ||| READING scroll labelled ROOLYT QUATH.
  3524 | D:4      | 3524 ||| DRINKING 2 fuming ruby potions.
  3524 | D:4      | Gained mutation: You are partially covered in iridescent
                  | scales. (AC +2) [potion of mutation]
  3524 | D:4      | Gained mutation: You are strong-willed. (Will+) [potion of
                  | mutation]
  3535 | D:5      | Entered Level 5 of the Dungeon
  3672 | D:5      | You fall into a shaft and drop 1 floor!
  3763 | D:5      | Found a staircase to the Ecumenical Temple.
  3764 | D:5      | 3764 ||| PLANNING TEMPLE
  3772 | Temple   | Entered the Ecumenical Temple
  3772 | Temple   | Found a transporter.
  3772 | Temple   | Found a transporter.
  3774 | Temple   | Found a transporter.
  3774 | Temple   | Found a transporter.
  3784 | Temple   | 3784 ||| PLANNING D:1-11
  3852 | Temple   | Became a worshipper of Ru the Awakened
  3884 | D:5      | Noticed Eustachio
  3887 | D:5      | 3887 ||| Stepping ~*~*~tactically~*~*~ (stealth).
  3888 | D:5      | 3888 ||| Stepping ~*~*~tactically~*~*~ (stealth).
  3889 | D:5      | 3889 ||| Stepping ~*~*~tactically~*~*~ (stealth).
  3898 | D:5      | Killed Eustachio
  3914 | D:5      | 3914 ||| Stepping ~*~*~tactically~*~*~ (stealth).
  3921 | D:5      | 3921 ||| Stepping ~*~*~tactically~*~*~ (stealth).
  3929 | D:5      | Reached skill level 10 in Axes
  3929 | D:5      | Reached XP level 8. HP: 48/69 MP: 7/7
  4184 | D:5      | Found Zin's Purification Station.
  4186 | D:5      | Found a glowing silver altar of Zin.
  4194 | D:5      | 4194 ||| BUYING potion of curing (90 gold).
  4194 | D:5      | Bought a potion of curing for 90 gold pieces
  4283 | D:5      | Reached skill level 1 in Throwing
  4486 | D:5      | 4486 ||| Stepping ~*~*~tactically~*~*~ (stealth).
  4495 | D:5      | Reached skill level 3 in Dodging
  4625 | D:5      | Reached skill level 6 in Fighting
  4628 | D:5      | 4628 ||| UPGRADING to amulet of guardian spirit.
  4633 | D:5      | 4633 ||| UPGRADING to +4 ring of evasion.
  4635 | D:5      | 4635 ||| UPGRADING to +6 ring of dexterity.
  4637 | D:5      | 4637 ||| DROPPING ring of willpower.
  4638 | D:5      | 4638 ||| READING scroll labelled MADWEO LEIFA.
  4747 | D:6      | Reached skill level 11 in Axes
  5035 | D:6      | Found an ornate altar of the Wu Jian Council.
  5492 | D:6      | Found a broken altar of Ashenzari.
  5656 | D:6      | 5656 ||| READING scroll labelled WAQIEC BOUHAIR.
  5726 | D:7      | Reached skill level 12 in Axes
  5798 | D:7      | 5798 ||| INVOKING Sacrifice Nimbleness.
  5798 | D:7      | Gained mutation: You cannot train Dodging skill. [Ru
                  | sacrifice]
  5798 | D:7      | Reached * piety under Ru
  5898 | D:7      | 5898 ||| Stepping ~*~*~tactically~*~*~ (hiding).
  5978 | D:7      | Reached XP level 9. HP: 78/78 MP: 8/8
  6358 | D:7      | Noticed a deep elf pyromancer
  6364 | D:7      | Killed a deep elf pyromancer
  6365 | D:7      | Reached skill level 13 in Axes
  6582 | D:7      | Found a white marble altar of Elyvilon.
  6824 | D:7      | Found a runed translucent door.
  6825 | D:7      | Noticed Crazy Yiuf
  6828 | D:7      | 6828 ||| UPGRADING to +0 plate armour.
  6838 | D:7      | 6838 ||| DROPPING +0 scale mail.
  6839 | D:7      | 6839 ||| READING scroll of enchant armour.
  6839 | D:7      | 6839 ||| ENCHANTING +0 plate armour.
  6840 | D:7      | 6840 ||| DRINKING 2 red potions.
  6841 | D:7      | 6841 ||| READING 3 scrolls of identify.
  6841 | D:7      | 6841 ||| IDENTIFYING smoky emerald potion
  6842 | D:7      | 6842 ||| READING 2 scrolls of identify.
  6842 | D:7      | 6842 ||| IDENTIFYING yellow potion
  6843 | D:7      | 6843 ||| DROPPING potion of degeneration.
  6890 | D:8      | 6890 ||| STAIRDANCE
  7021 | D:8      | Noticed Joseph
  7033 | D:8      | Killed Joseph
  7034 | D:8      | 7034 ||| STAIRDANCE
  7388 | D:8      | Found an iron altar of Okawaru.
  7418 | D:8      | Reached skill level 6 in Armour
  7433 | D:8      | Noticed a two-headed ogre
  7436 | D:8      | Noticed a two-headed ogre
  7442 | D:8      | Killed a two-headed ogre
  7443 | D:8      | Reached skill level 6 in Shields
  7443 | D:8      | Reached XP level 10. HP: 51/88 MP: 5/9
  7443 | D:8      | 7443 ||| FLEEEEING.
  7444 | D:8      | 7444 ||| FLEEEEING.
  7445 | D:8      | 7445 ||| FLEEEEING.
  7446 | D:8      | 7446 ||| FLEEEEING.
  7447 | D:8      | 7447 ||| FLEEEEING.
  7448 | D:8      | 7448 ||| FLEEEEING.
  7450 | D:8      | 7450 ||| FLEEEEING.
  7451 | D:8      | 7451 ||| FLEEEEING.
  7452 | D:8      | 7452 ||| FLEEEEING.
  7453 | D:8      | 7453 ||| FLEEEEING.
  7454 | D:8      | 7454 ||| FLEEEEING.
  7455 | D:8      | 7455 ||| FLEEEEING.
  7456 | D:8      | 7456 ||| FLEEEEING.
  7457 | D:8      | 7457 ||| FLEEEEING.
  7458 | D:8      | 7458 ||| FLEEEEING.
  7459 | D:8      | 7459 ||| FLEEEEING.
  7461 | D:8      | HP: 21/88 [two-headed ogre/+0 giant club (27)]
  7462 | D:8      | 7462 ||| READING 3 scrolls of teleportation.
  7463 | D:8      | 7463 ||| DRINKING 2 potions of heal wounds.
  7464 | D:8      | Noticed Pikel
  7469 | D:8      | Noticed Maurice
  7470 | D:8      | 7470 ||| Stepping ~*~*~tactically~*~*~ (stealth).
  7548 | D:8      | Killed Maurice
  7665 | D:8      | Found a basalt altar of Yredelemnul.
  7694 | D:8      | Found Plog's Magic Scroll Boutique.
  7699 | D:8      | 7699 ||| Stepping ~*~*~tactically~*~*~ (stealth).
  7719 | D:8      | 7719 ||| Stepping ~*~*~tactically~*~*~ (stealth).
  7732 | D:8      | 7732 ||| Stepping ~*~*~tactically~*~*~ (stealth).
  7735 | D:8      | 7735 ||| Stepping ~*~*~tactically~*~*~ (hiding).
  7750 | D:8      | Killed Pikel
  7751 | D:8      | Reached skill level 14 in Axes
  7844 | D:8      | 7844 ||| BUYING scroll of identify (24 gold).
  7844 | D:8      | Bought a scroll of identify for 24 gold pieces
  7844 | D:8      | 7844 ||| BUYING scroll of identify (24 gold).
  7844 | D:8      | Bought a scroll of identify for 24 gold pieces
  7979 | D:8      | Noticed Psyche
  7980 | D:8      | 7980 ||| Stepping ~*~*~tactically~*~*~ (stealth).
  7983 | D:8      | 7983 ||| Stepping ~*~*~tactically~*~*~ (hiding).
  7998 | D:8      | Killed Psyche
  8082 | D:8      | 8082 ||| DROPPING +0 flail.
  8213 | D:8      | 8213 ||| UPGRADING to +0 cloak.
  8218 | D:8      | 8218 ||| READING 4 scrolls of identify.
  8218 | D:8      | 8218 ||| IDENTIFYING ruby potion
  8219 | D:8      | 8219 ||| READING 3 scrolls of identify.
  8219 | D:8      | 8219 ||| IDENTIFYING viscous green potion
  8220 | D:8      | 8220 ||| DROPPING potion of invisibility.
  8221 | D:8      | 8221 ||| DROPPING potion of brilliance.
  8231 | D:8      | 8231 ||| Stepping ~*~*~tactically~*~*~ (stealth).
  8243 | D:8      | Killed a two-headed ogre
  8352 | D:9      | 8352 ||| Stepping ~*~*~tactically~*~*~ (hiding).
  8361 | D:9      | Reached skill level 15 in Axes
  8390 | D:9      | Found a stormy altar of Qazlal.
  8414 | D:9      | 8414 ||| Stepping ~*~*~tactically~*~*~ (stealth).
  8580 | D:9      | Found a staircase to the Orcish Mines.
  8621 | D:9      | Reached skill level 9 in Fighting
  8763 | D:9      | 8763 ||| Stepping ~*~*~tactically~*~*~ (hiding).
  8764 | D:9      | 8764 ||| Stepping ~*~*~tactically~*~*~ (hiding).
  8872 | D:9      | 8872 ||| SWAPPING to +3 war axe.
  8873 | D:9      | 8873 ||| DROPPING +2 war axe.
  8944 | D:9      | 8944 ||| READING scroll labelled SUDUOJ BUNISS.
  8959 | D:10     | Entered Level 10 of the Dungeon
  8982 | D:10     | 8982 ||| INVOKING Reject Sacrifices.
  9038 | D:10     | 9038 ||| Stepping ~*~*~tactically~*~*~ (stealth).
  9040 | D:10     | 9040 ||| Stepping ~*~*~tactically~*~*~ (stealth).
  9141 | D:10     | 9141 ||| Stepping ~*~*~tactically~*~*~ (water).
  9399 | D:10     | Reached XP level 11. HP: 88/97 MP: 10/10
  9748 | D:10     | 9748 ||| READING scroll labelled GIOS FOHIMU.
  9849 | D:10     | 9849 ||| READING 4 scrolls of identify.
  9849 | D:10     | 9849 ||| IDENTIFYING fuming red potion
  9871 | D:11     | 9871 ||| Stepping ~*~*~tactically~*~*~ (hiding).
  9872 | D:11     | 9872 ||| Stepping ~*~*~tactically~*~*~ (hiding).
  9874 | D:11     | 9874 ||| Stepping ~*~*~tactically~*~*~ (hiding).
  9875 | D:11     | 9875 ||| Stepping ~*~*~tactically~*~*~ (hiding).
  9879 | D:11     | Reached skill level 16 in Axes
  9916 | D:11     | 9916 ||| Stepping ~*~*~tactically~*~*~ (stealth).
  9932 | D:11     | 9932 ||| Stepping ~*~*~tactically~*~*~ (stealth).
  9933 | D:11     | 9933 ||| Stepping ~*~*~tactically~*~*~ (stealth).
  9935 | D:11     | 9935 ||| Stepping ~*~*~tactically~*~*~ (stealth).
  9969 | D:11     | 9969 ||| FLEEEEING.
  9973 | D:11     | 9973 ||| FLEEEEING.
  9975 | D:11     | 9975 ||| STAIRDANCE
 10156 | D:11     | 10156 ||| STAIRDANCE
 10189 | D:11     | 10189 ||| STAIRDANCE
 10220 | D:11     | Found a staircase to the Lair.
 10260 | D:11     | Found a sparkling altar of Nemelex Xobeh.
 10289 | D:11     | Noticed a green ugly thing
 10300 | D:11     | Killed a green ugly thing
 10389 | D:11     | Noticed a green ugly thing
 10400 | D:11     | Killed a green ugly thing
 10737 | D:11     | 10737 ||| PLANNING LAIR
 10737 | D:11     | 10737 ||| UPGRADING to ring of see invisible.
 10739 | D:11     | 10739 ||| DROPPING +6 ring of dexterity.
 10740 | D:11     | 10740 ||| READING 4 scrolls of identify.
 10740 | D:11     | 10740 ||| IDENTIFYING bubbling emerald potion
 10741 | D:11     | 10741 ||| DROPPING potion of attraction.
 10757 | Lair:1   | Entered Level 1 of the Lair of Beasts
 10774 | Lair:1   | 10774 ||| Stepping ~*~*~tactically~*~*~ (stealth).
 10787 | Lair:1   | Reached skill level 17 in Axes
 10919 | Lair:1   | Identified the +3 leather armour of Egalitarianism {Stlth+}
 11106 | Lair:1   | Noticed a four-headed hydra
 11109 | Lair:1   | 11109 ||| SWAPPING to +4 morningstar.
 11114 | Lair:1   | Killed a four-headed hydra
 11115 | Lair:1   | 11115 ||| SWAPPING to +3 war axe.
 11314 | Lair:1   | Identified the +2 ring mail of Chill Winds {Drain rN+ Int+5
                  | Dex+3}
 11360 | Lair:1   | Reached skill level 9 in Armour
 11625 | Lair:1   | Noticed a catoblepas
 11626 | Lair:1   | 11626 ||| Stepping ~*~*~tactically~*~*~ (hiding).
 11636 | Lair:1   | 11636 ||| Stepping ~*~*~tactically~*~*~ (cloud).
 11638 | Lair:1   | Killed a catoblepas
 12165 | Lair:2   | 12165 ||| PLANNING GAUNTLET
 12174 | Lair:2   | 12174 ||| STAIRDANCE
 12387 | Lair:2   | Reached XP level 12. HP: 107/110 MP: 11/11
 12419 | Lair:2   | Found a staircase to the Shoals.
 12444 | Lair:2   | Noticed a death yak
 12445 | Lair:2   | 12445 ||| FLEEEEING.
 12445 | Lair:2   | Noticed a death yak
 12446 | Lair:2   | 12446 ||| FLEEEEING.
 12447 | Lair:2   | 12447 ||| FLEEEEING.
 12447 | Lair:2   | Noticed a death yak
 12448 | Lair:2   | 12448 ||| FLEEEEING.
 12448 | Lair:2   | Noticed a death yak
 12449 | Lair:2   | 12449 ||| FLEEEEING.
 12450 | Lair:2   | 12450 ||| FLEEEEING.
 12451 | Lair:2   | 12451 ||| FLEEEEING.
 12452 | Lair:2   | 12452 ||| FLEEEEING.
 12453 | Lair:2   | 12453 ||| FLEEEEING.
 12454 | Lair:2   | 12454 ||| FLEEEEING.
 12455 | Lair:2   | 12455 ||| FLEEEEING.
 12456 | Lair:2   | 12456 ||| FLEEEEING.
 12457 | Lair:2   | 12457 ||| FLEEEEING.
 12458 | Lair:2   | 12458 ||| FLEEEEING.
 12459 | Lair:2   | 12459 ||| FLEEEEING.
 12460 | Lair:2   | 12460 ||| FLEEEEING.
 12461 | Lair:2   | 12461 ||| STAIRDANCE
 12507 | Lair:2   | Noticed a death yak
 12508 | Lair:2   | 12508 ||| STAIRDANCE
 12516 | Lair:1   | HP: 23/110 [death yak (5)]
 12517 | Lair:1   | 12517 ||| READING 3 scrolls of teleportation.
 12517 | Lair:1   | HP: 5/110 [death yak (8)]
 12518 | Lair:1   | 12518 ||| DRINKING potion of heal wounds.
 12518 | Lair:1   | HP: 1/110 [death yak (5)]
 12520 | Lair:1   | Killed a death yak
 12920 | Lair:2   | 12920 ||| RIP GAUNTLET
 12921 | Lair:2   | 12921 ||| PLANNING LAIR
 12954 | Lair:2   | Noticed Erica
 12956 | Lair:2   | Reached skill level 12 in Fighting
 12967 | Lair:2   | Killed Erica
 12970 | Lair:2   | 12970 ||| Stepping ~*~*~tactically~*~*~ (hiding).
 12972 | Lair:2   | 12972 ||| Stepping ~*~*~tactically~*~*~ (hiding).
 13581 | Lair:2   | Found a hole to the Spider Nest.
 13675 | Lair:2   | Noticed Fannar
 13694 | Lair:2   | Killed Fannar
 14018 | Lair:2   | Killed a death yak
 14029 | Lair:2   | Killed a death yak
 14626 | Lair:3   | Reached skill level 3 in Throwing
 14653 | Lair:3   | 14653 ||| FLEEEEING.
 14654 | Lair:3   | 14654 ||| FLEEEEING.
 14655 | Lair:3   | 14655 ||| FLEEEEING.
 14661 | Lair:3   | 14661 ||| FLEEEEING.
 14662 | Lair:3   | 14662 ||| FLEEEEING.
 14663 | Lair:3   | 14663 ||| FLEEEEING.
 14664 | Lair:3   | 14664 ||| FLEEEEING.
 14665 | Lair:3   | 14665 ||| FLEEEEING.
 14666 | Lair:3   | 14666 ||| FLEEEEING.
 14667 | Lair:3   | 14667 ||| FLEEEEING.
 14668 | Lair:3   | 14668 ||| FLEEEEING.
 14673 | Lair:3   | 14673 ||| FLEEEEING.
 14674 | Lair:3   | 14674 ||| FLEEEEING.
 14675 | Lair:3   | 14675 ||| FLEEEEING.
 14676 | Lair:3   | 14676 ||| FLEEEEING.
 14677 | Lair:3   | 14677 ||| FLEEEEING.
 14678 | Lair:3   | 14678 ||| FLEEEEING.
 14679 | Lair:3   | 14679 ||| FLEEEEING.
 14680 | Lair:3   | 14680 ||| FLEEEEING.
 14682 | Lair:3   | 14682 ||| STAIRDANCE
 14781 | Lair:3   | 14781 ||| Stepping ~*~*~tactically~*~*~ (stealth).
 14978 | Lair:3   | 14978 ||| Stepping ~*~*~tactically~*~*~ (stealth).
 15113 | Lair:3   | 15113 ||| Stepping ~*~*~tactically~*~*~ (stealth).
 15114 | Lair:3   | 15114 ||| Stepping ~*~*~tactically~*~*~ (stealth).
 15202 | Lair:3   | Reached skill level 9 in Shields
 15359 | Lair:3   | 15359 ||| INVOKING Sacrifice Love.
 15359 | Lair:3   | Gained mutation: You are hated by all. [Ru sacrifice]
 15359 | Lair:3   | Reached ** piety under Ru
 15359 | Lair:3   | Reached *** piety under Ru
 15400 | Lair:3   | 15400 ||| Stepping ~*~*~tactically~*~*~ (stealth).
 15403 | Lair:3   | 15403 ||| Stepping ~*~*~tactically~*~*~ (stealth).
 15408 | Lair:3   | 15408 ||| Stepping ~*~*~tactically~*~*~ (stealth).
 15409 | Lair:3   | 15409 ||| Stepping ~*~*~tactically~*~*~ (stealth).
 15412 | Lair:3   | 15412 ||| Stepping ~*~*~tactically~*~*~ (stealth).
 15413 | Lair:3   | 15413 ||| Stepping ~*~*~tactically~*~*~ (stealth).
 15414 | Lair:3   | 15414 ||| Stepping ~*~*~tactically~*~*~ (stealth).
 15417 | Lair:3   | 15417 ||| FLEEEEING.
 15418 | Lair:3   | 15418 ||| FLEEEEING.
 15419 | Lair:3   | 15419 ||| FLEEEEING.
 15420 | Lair:3   | 15420 ||| FLEEEEING.
 15422 | Lair:3   | 15422 ||| FLEEEEING.
 15423 | Lair:3   | 15423 ||| FLEEEEING.
 15424 | Lair:3   | 15424 ||| FLEEEEING.
 15425 | Lair:3   | 15425 ||| FLEEEEING.
 15426 | Lair:3   | 15426 ||| FLEEEEING.
 15884 | Lair:3   | 15884 ||| READING 3 scrolls of identify.
 15884 | Lair:3   | 15884 ||| IDENTIFYING lumpy orange potion
 15885 | Lair:3   | 15885 ||| DROPPING potion of magic.
 15973 | Lair:4   | 15973 ||| Stepping ~*~*~tactically~*~*~ (stealth).
 15975 | Lair:4   | 15975 ||| Stepping ~*~*~tactically~*~*~ (hiding).
 16211 | Lair:4   | Noticed a five-headed hydra
 16214 | Lair:4   | 16214 ||| SWAPPING to +4 morningstar.
 16217 | Lair:4   | 16217 ||| Stepping ~*~*~tactically~*~*~ (stealth).
 16226 | Lair:4   | Killed a five-headed hydra
 16227 | Lair:4   | 16227 ||| SWAPPING to +3 war axe.
 16439 | Lair:4   | Reached XP level 13. HP: 32/124 MP: 8/12
 16440 | Lair:4   | HP: 31/124 [poisoned by a black mamba]
 16441 | Lair:4   | 16441 ||| READING 3 scrolls of teleportation.
 16442 | Lair:4   | 16442 ||| Stepping ~*~*~tactically~*~*~ (stealth).
 16443 | Lair:4   | 16443 ||| INVOKING Draw Out Power.
 16753 | Lair:4   | Found a staircase to the Slime Pits.
 16755 | Lair:4   | 16755 ||| FLEEEEING.
 16756 | Lair:4   | 16756 ||| FLEEEEING.
 16825 | Lair:4   | Noticed Urug
 16835 | Lair:4   | 16835 ||| FLEEEEING.
 16836 | Lair:4   | 16836 ||| FLEEEEING.
 16837 | Lair:4   | 16837 ||| FLEEEEING.
 16838 | Lair:4   | 16838 ||| FLEEEEING.
 16839 | Lair:4   | 16839 ||| FLEEEEING.
 16840 | Lair:4   | 16840 ||| FLEEEEING.
 16842 | Lair:4   | 16842 ||| FLEEEEING.
 16843 | Lair:4   | 16843 ||| FLEEEEING.
 16844 | Lair:4   | 16844 ||| FLEEEEING.
 16845 | Lair:4   | 16845 ||| FLEEEEING.
 16848 | Lair:4   | 16848 ||| FLEEEEING.
 16849 | Lair:4   | 16849 ||| FLEEEEING.
 16850 | Lair:4   | 16850 ||| FLEEEEING.
 16851 | Lair:4   | 16851 ||| FLEEEEING.
 16852 | Lair:4   | 16852 ||| FLEEEEING.
 16853 | Lair:4   | 16853 ||| FLEEEEING.
 16854 | Lair:4   | 16854 ||| FLEEEEING.
 16855 | Lair:4   | 16855 ||| FLEEEEING.
 16856 | Lair:4   | 16856 ||| FLEEEEING.
 16867 | Lair:4   | 16867 ||| FLEEEEING.
 16868 | Lair:4   | 16868 ||| FLEEEEING.
 16869 | Lair:4   | 16869 ||| FLEEEEING.
 16870 | Lair:4   | 16870 ||| FLEEEEING.
 16871 | Lair:4   | 16871 ||| FLEEEEING.
 16872 | Lair:4   | 16872 ||| STAIRDANCE
 16996 | Lair:3   | 16996 ||| DROPPING scarf of invisibility.
 16997 | Lair:3   | 16997 ||| READING scroll labelled YNAQIOBRUW.
 17002 | Lair:4   | 17002 ||| STAIRDANCE
 17098 | Lair:4   | Killed Urug
 17099 | Lair:4   | Reached skill level 12 in Armour
 17099 | Lair:4   | 17099 ||| STAIRDANCE
 17213 | Lair:4   | 17213 ||| Stepping ~*~*~tactically~*~*~ (stealth).
 17223 | Lair:4   | 17223 ||| Stepping ~*~*~tactically~*~*~ (stealth).
 17226 | Lair:4   | 17226 ||| Stepping ~*~*~tactically~*~*~ (stealth).
 17229 | Lair:4   | 17229 ||| Stepping ~*~*~tactically~*~*~ (stealth).
 17232 | Lair:4   | 17232 ||| Stepping ~*~*~tactically~*~*~ (stealth).
 17233 | Lair:4   | 17233 ||| Stepping ~*~*~tactically~*~*~ (stealth).
 17236 | Lair:4   | 17236 ||| Stepping ~*~*~tactically~*~*~ (stealth).
 17243 | Lair:4   | 17243 ||| Stepping ~*~*~tactically~*~*~ (stealth).
 17244 | Lair:4   | 17244 ||| Stepping ~*~*~tactically~*~*~ (stealth).
 17249 | Lair:4   | 17249 ||| Stepping ~*~*~tactically~*~*~ (stealth).
 17250 | Lair:4   | 17250 ||| Stepping ~*~*~tactically~*~*~ (stealth).
 17251 | Lair:4   | 17251 ||| Stepping ~*~*~tactically~*~*~ (stealth).
 17261 | Lair:4   | 17261 ||| Stepping ~*~*~tactically~*~*~ (stealth).
 17450 | Lair:4   | 17450 ||| SWAPPING to +4 morningstar.
 17459 | Lair:4   | 17459 ||| SWAPPING to +3 war axe of freezing.
 17660 | Lair:4   | HP: 28/124 [oklob plant/splash of acid (4)]
 17661 | Lair:4   | 17661 ||| READING 2 scrolls of teleportation.
 17661 | Lair:4   | HP: 11/124 [oklob plant/splash of acid (18)]
 17662 | Lair:4   | 17662 ||| INVOKING Draw Out Power.
 17663 | Lair:4   | 17663 ||| DRINKING 2 potions of heal wounds.
 17664 | Lair:4   | 17664 ||| DRINKING potion of heal wounds.
 18020 | Lair:4   | 18020 ||| DRINKING potion of cancellation.
 18023 | Lair:4   | HP: 24/120 [oklob plant/splash of acid (23)]
 18024 | Lair:4   | 18024 ||| READING scroll of teleportation.
 18024 | Lair:4   | HP: 6/120 [oklob plant/splash of acid (18)]
 18025 | Lair:4   | 18025 ||| INVOKING Draw Out Power.
 18631 | Lair:5   | Entered Level 5 of the Lair of Beasts
 18701 | Lair:5   | 18701 ||| READING scroll of enchant armour.
 18701 | Lair:5   | 18701 ||| ENCHANTING +0 cloak.
 18747 | Lair:5   | Reached skill level 6 in Throwing
 18816 | Lair:5   | 18816 ||| Stepping ~*~*~tactically~*~*~ (stealth).
 18817 | Lair:5   | 18817 ||| Stepping ~*~*~tactically~*~*~ (stealth).
 18841 | Lair:5   | 18841 ||| SWAPPING to +4 morningstar.
 18846 | Lair:5   | 18846 ||| Stepping ~*~*~tactically~*~*~ (outnumbered).
 18848 | Lair:5   | 18848 ||| Stepping ~*~*~tactically~*~*~ (outnumbered).
 18849 | Lair:5   | 18849 ||| Stepping ~*~*~tactically~*~*~ (outnumbered).
 18860 | Lair:5   | 18860 ||| SWAPPING to +3 war axe of freezing.
 18928 | Lair:5   | 18928 ||| FLEEEEING.
 18929 | Lair:5   | 18929 ||| FLEEEEING.
 18931 | Lair:5   | 18931 ||| FLEEEEING.
 18932 | Lair:5   | 18932 ||| FLEEEEING.
 18936 | Lair:5   | 18936 ||| FLEEEEING.
 18939 | Lair:5   | 18939 ||| STAIRDANCE
 19129 | Lair:5   | 19129 ||| Stepping ~*~*~tactically~*~*~ (stealth).
 19131 | Lair:5   | 19131 ||| SWAPPING to +4 morningstar.
 19140 | Lair:5   | 19140 ||| SWAPPING to +3 war axe of freezing.
 19276 | Lair:5   | 19276 ||| Stepping ~*~*~tactically~*~*~ (stealth).
 19287 | Lair:5   | Reached skill level 15 in Fighting
 19305 | Lair:5   | 19305 ||| Stepping ~*~*~tactically~*~*~ (stealth).
 19310 | Lair:5   | 19310 ||| Stepping ~*~*~tactically~*~*~ (stealth).
 19311 | Lair:5   | 19311 ||| Stepping ~*~*~tactically~*~*~ (stealth).
 19384 | Lair:5   | 19384 ||| INVOKING Sacrifice Skill.
 19384 | Lair:5   | Gained mutation: You are somewhat unskilled. (-1 Apt) [Ru
                  | sacrifice]
 19384 | Lair:5   | Reduced skill Axes to level 15
 19384 | Lair:5   | Reached **** piety under Ru
 19414 | Lair:5   | 19414 ||| Stepping ~*~*~tactically~*~*~ (stealth).
 19416 | Lair:5   | 19416 ||| Stepping ~*~*~tactically~*~*~ (stealth).
 19442 | Lair:5   | 19442 ||| READING scroll of enchant armour.
 19442 | Lair:5   | 19442 ||| ENCHANTING +1 cloak.
 19721 | Lair:5   | 19721 ||| Stepping ~*~*~tactically~*~*~ (hiding).
 19728 | Lair:5   | 19728 ||| Stepping ~*~*~tactically~*~*~ (cloud).
 19813 | Lair:5   | Reached skill level 16 in Axes
 19813 | Lair:5   | 19813 ||| Stepping ~*~*~tactically~*~*~ (hiding).
 19987 | Lair:5   | 19987 ||| Stepping ~*~*~tactically~*~*~ (stealth).
 20092 | Lair:5   | 20092 ||| Stepping ~*~*~tactically~*~*~ (cloud).
 20099 | Lair:5   | 20099 ||| Stepping ~*~*~tactically~*~*~ (cloud).
 20103 | Lair:5   | 20103 ||| Stepping ~*~*~tactically~*~*~ (cloud).
 20259 | Lair:5   | Reached skill level 17 in Axes
 20330 | Lair:5   | 20330 ||| DRINKING potion of cancellation.
 20740 | Lair:5   | 20740 ||| PLANNING D
 20740 | Lair:5   | 20740 ||| UPGRADING to ring of poison resistance.
 20918 | D:12     | 20918 ||| READING scroll of teleportation.
 20963 | D:12     | Reached skill level 9 in Shields
 21055 | D:12     | Reached XP level 14. HP: 127/130 MP: 13/13
 21162 | D:12     | 21162 ||| Stepping ~*~*~tactically~*~*~ (hiding).
 21563 | D:12     | 21563 ||| Stepping ~*~*~tactically~*~*~ (stealth).
 21574 | D:12     | 21574 ||| Stepping ~*~*~tactically~*~*~ (stealth).
 21707 | D:12     | Found a sacrificial altar of Ru.
 21760 | D:13     | 21760 ||| STAIRDANCE
 21878 | D:13     | 21878 ||| STAIRDANCE
 22051 | D:13     | 22051 ||| STAIRDANCE
 22058 | D:12     | Reached skill level 6 in Throwing
 22173 | D:13     | 22173 ||| Stepping ~*~*~tactically~*~*~ (hiding).
 22175 | D:13     | HP: 27/132 [centaur warrior/arrow (7)]
 22176 | D:13     | 22176 ||| INVOKING Draw Out Power.
 22177 | D:13     | 22177 ||| DRINKING 4 potions of heal wounds.
 22178 | D:13     | 22178 ||| STAIRDANCE
 22184 | D:12     | HP: 23/126 [freezing wraith[a death knight] (19)]
 22185 | D:12     | 22185 ||| DRINKING 3 potions of heal wounds.
 22188 | D:12     | Reached skill level 12 in Armour
 22441 | D:13     | 22441 ||| STAIRDANCE
 22748 | D:13     | Found a white marble altar of Elyvilon.
 22798 | D:13     | 22798 ||| Stepping ~*~*~tactically~*~*~ (hiding).
 22799 | D:13     | 22799 ||| Stepping ~*~*~tactically~*~*~ (hiding).
 22810 | D:13     | 22810 ||| Stepping ~*~*~tactically~*~*~ (hiding).
 22826 | D:13     | HP: 31/133 [orc knight/+0 long sword (10)]
 22827 | D:13     | 22827 ||| INVOKING Draw Out Power.
 22831 | D:13     | 22831 ||| DRINKING 2 potions of heal wounds.
 22831 | D:13     | HP: 31/127 [skeletal warrior/+0 hand axe (14)]
 22832 | D:13     | 22832 ||| DRINKING potion of heal wounds.
 22839 | D:13     | HP: 25/129 [skeletal warrior/+0 hand axe (5)]
 22842 | D:13     | 22842 ||| FLEEEEING.
 23024 | D:13     | 23024 ||| FLEEEEING.
 23033 | D:13     | 23033 ||| STAIRDANCE
 23201 | D:12     | 23201 ||| INVOKING Sacrifice an Eye.
 23201 | D:12     | Gained mutation: You are missing an eye, making it more
                  | difficult to aim. [Ru sacrifice]
 23201 | D:12     | Reached ***** piety under Ru
 23223 | D:13     | 23223 ||| Stepping ~*~*~tactically~*~*~ (stealth).
 23275 | D:13     | Reached skill level 15 in Fighting
 23326 | D:13     | Found a gate to the Vaults.
 23386 | D:13     | 23386 ||| INVOKING Apocalypse.
 23389 | D:13     | 23389 ||| STAIRDANCE
 23457 | D:13     | 23457 ||| STAIRDANCE
 23635 | D:13     | 23635 ||| STAIRDANCE
 23749 | D:13     | HP: 32/129 [electric eel/bolt of electricity (2)]
 23750 | D:13     | 23750 ||| INVOKING Draw Out Power.
 23755 | D:13     | HP: 24/123 [centaur warrior/arrow (5)]
 23757 | D:13     | HP: 11/123 [elephant (shapeshifter) (7)]
 23758 | D:13     | Mangled by a skeletal warrior

Levels and vault maps discovered:
D:1:      amcnicky_arrival_double_pillar, layout_basic
D:2:      layout_loops_ring, minmay_worlds_worst_comb
D:3:      layout_rooms, ebering_ghost_disaster_area,
          shapermc_ecumenical_altar_mp_vishouse, serial_park_tiny_2,
          chequers_arboretum
D:4:      cheibrodos_fertilizer, layout_basic,
          nicolae_kikubaaqudgha_miasma_corner, nicolae_hepliaklqana_hazy_memory,
          gammafunk_ghost_split
D:5:      minmay_spotlight, layout_rooms, zin_purify, minmay_temple_entry_hall,
          kennysheep_boxes, uniq_eustachio
D:6:      layout_basic, mainiacjoe_overflow_concentric_impassable,
          nzn_wu_jian_contemplation
D:7:      layout_loops_corners, mainiacjoe_overflow_brackets,
          chequers_mini_garden, uniq_crazy_yiuf_cottage
D:8:      layout_basic, mainiacjoe_overflow_alcove_1, okawaru_gym_becter,
          serial_shops, nicolae_shop_behind_doors, uniq_joseph, uniq_maurice,
          uniq_pikel, uniq_psyche
D:9:      layout_rooms, nicolae_qazlal_style_of_elements, orc_0_dummy,
          kennysheep_generic_room_2
D:10:     layout_big_octagon, minmay_crystal_room, abandoned_shop,
          roderic_batcave, chequers_serial_rivers_large_a
D:11:     layout_rooms, lair_entry_dummy, nemelex_spade_bored_becter
D:12:     layout_cave_pods, nicolae_ru_path_of_blood
D:13:     layout_rooms, hangedman_vaults_entry_quadrant_bands,
          chequers_big_river, elyvilon_altar_5
Temple:   hellmonk_temple_divided_pantheon
Lair:1:   layout_cave_pods, cheibrodos_lair_caveside_slide, st_stairs_3
Lair:2:   layout_cave_pods, minmay_shoals_entry_centaurs,
          spider_nest_entry_rubble, gauntlet_entry_generic,
          serial_bayou_shore_a, uniq_fannar, uniq_erica
Lair:3:   layout_chaotic_city, serial_bayou_pond_a
Lair:4:   layout_loops_ring, minmay_slime_entry_oklob_open, st_stairs_7,
          columned_hall_lemuel, uniq_urug
Lair:5:   evilmike_catoblepas_cave, layout_loops_ring, st_stairs_8

Skill      XL: |  1  2  3  4  5  6  7  8  9 10 11 12 13 14 |
---------------+-------------------------------------------+-----
Axes           | 3 4 5 6 7 8 10 12 13 15 17 17 | 17.0
Dodging        | 1 2 0 |  0.0
Fighting       | 4 5 6 8 9 11 14 13 15 | 15.0
Throwing       | 1 3 5 6 |  6.0
Shields        | 4 6 7 9 9 |  9.0
Armour         | 6 7 10 11 11 12 | 12.7

Action                   |  1- 3 |  4- 6 |  7- 9 | 10-12 | 13-15 || total
-------------------------+-------+-------+-------+-------+-------++-------
Melee: War axe           |    54 |    83 |   173 |   564 |   457 ||  1331
       Headbutt          |     8 |    18 |    38 |   114 |   133 ||   311
       Morningstar       |       |       |       |    13 |    28 ||    41
Throw: Boomerang         |       |    30 |    41 |    85 |    20 ||   176
       Javelin           |       |       |       |       |    43 ||    43
Invok: Sacrifice Nimblen |       |       |     1 |       |       ||     1
       Reject Sacrifices |       |       |       |     1 |       ||     1
       Sacrifice Love    |       |       |       |     1 |       ||     1
       Draw Out Power    |       |       |       |       |     6 ||     6
       Sacrifice Skill   |       |       |       |       |     1 ||     1
       Apocalypse        |       |       |       |       |     1 ||     1
       Sacrifice an Eye  |       |       |       |       |     1 ||     1
  Use: Scroll            |     2 |     5 |     9 |     9 |     7 ||    32
       Potion            |     1 |     2 |     2 |     2 |     8 ||    15
 Stab: Petrified         |       |       |       |     6 |     8 ||    14
       Petrifying        |       |       |       |     1 |     5 ||     6
       Distracted        |       |       |       |     1 |       ||     1
       Invisible         |       |       |       |       |     2 ||     2
Armor: Scale mail        |    12 |    33 |    27 |       |       ||    72
       Plate armour      |       |       |     4 |   209 |   219 ||   432
Dodge: Dodged            |    20 |    33 |    56 |   218 |   114 ||   441
Block: Buckler           |     9 |    11 |    24 |   118 |    97 ||   259

Table legend:
 A = Non-vault XP
 B = Vault XP
 C = Vault XP percentage of total XP
 D = Non-vault monster count
 E = Vault monster count
 F = Vault count percentage of total count
                 A         B        C        D         E       F
            +---------+---------+-------+---------+---------+-------
      Total |   54579 |   24465 |  31.0 |     346 |      95 |  21.5
            +---------+---------+-------+---------+---------+-------
        D:1 |      34 |       0 |   0.0 |      21 |       0 |   0.0
        D:2 |     105 |       8 |   7.1 |      14 |       4 |  22.2
        D:3 |      34 |       0 |   0.0 |      11 |       0 |   0.0
        D:4 |     554 |     155 |  21.9 |      24 |      16 |  40.0
        D:5 |     433 |     432 |  49.9 |       7 |       5 |  41.7
        D:6 |     770 |       0 |   0.0 |      12 |       0 |   0.0
        D:7 |    1916 |       0 |   0.0 |      22 |       0 |   0.0
        D:8 |    2126 |    1971 |  48.1 |      10 |       4 |  28.6
        D:9 |    1279 |      74 |   5.5 |      29 |       1 |   3.3
       D:10 |    1327 |     167 |  11.2 |      25 |       9 |  26.5
       D:11 |    2860 |       0 |   0.0 |      11 |       0 |   0.0
       D:12 |    6324 |       0 |   0.0 |      22 |       0 |   0.0
       D:13 |    4717 |    5298 |  52.9 |      14 |      19 |  57.6
     Lair:1 |    7671 |     392 |   4.9 |      22 |       1 |   4.3
     Lair:2 |    5073 |    2260 |  30.8 |      16 |       6 |  27.3
     Lair:3 |    5268 |       0 |   0.0 |      18 |       0 |   0.0
     Lair:4 |    4929 |    3926 |  44.3 |      29 |       6 |  17.1
     Lair:5 |    9159 |    9782 |  51.6 |      39 |      24 |  38.1
            +---------+---------+-------+---------+---------+-------
